 Dungeon Sprint DCSS version 0.26-a0-771-g060e6a62af (webtiles) character file.

Game seed: 14272902281650159731

3200000 iamoutofideas the Conqueror (level 25, -14/234 HPs)
             Began as a Mummy Chaos Knight on Nov 9, 2020.
             Was the Champion of Makhleb.
             Demolished by The Servant
             ... wielding a +9 glaive of flaming
              (27 damage)
             ... in the Dungeon (Sprint VIII: "Arena of Blood").
             The game lasted 00:01:38 (32 turns).

iamoutofideas the Conqueror (Mummy Chaos Knight)      Turns: 32, Time: 00:01:39

Health: -14/234    AC:  8    Str: 17    XL:     25   Next: 14%
Magic:  22/54      EV: 35    Int: 12    God:    Makhleb [******]
Gold:   0          SH:  0    Dex: 21    Spells: 78/78 levels left

rFire    x . .     SeeInvis .   d - +∞ Axe of Woe
rCold    + . .     Faith    .   (shield currently unavailable)
rNeg     + + +     Spirit   .   b - +2 leather armour
rPois    ∞         Reflect  .   (no helmet)
rElec    .         Harm     .   (no cloak)
rCorr    .         Rampage  .   (no gloves)
MR       +++..     NoTele   +   (no boots)
Stlth    +++++++++.             (no amulet)
HPRegen  0.49/turn              (no ring)
MPRegen  0.34/turn              (no ring)

@: no status effects
A: no potions, fire vulnerability, cold resistance 1, negative energy resistance
3, torment resistance, unbreathing, in touch with death 1
a: Minor Destruction, Lesser Servant of Makhleb, Major Destruction, Greater
Servant of Makhleb, Renounce Religion


You were in the Dungeon.
You worshipped Makhleb.
Makhleb was exalted by your worship.
You visited 1 branch

Inventory:

Hand Weapons
 a - a +0 hand axe of chaos
 d - the +∞ Axe of Woe (weapon)
   (You found it in the Dungeon)
Armour
 b - a +2 leather armour (worn)
Scrolls
 c - a scroll of blinking


   Skills:
 O Level 27 Fighting
 O Level 27 Axes
 O Level 27 Throwing
 O Level 27 Armour
 O Level 27 Dodging
 O Level 27 Stealth
 O Level 27 Unarmed Combat
 O Level 27 Spellcasting
 O Level 27 Invocations


You had 78 spell levels left.
You didn't know any spells.
Your spell library was empty.

Dungeon Overview and Level Annotations

Branches:
Dungeon (1/1)

Altars:
Makhleb

Annotations:
D The Servant


Innate Abilities, Weirdness & Mutations

You do not drink.
Your flesh is vulnerable to fire.
You are immune to poison.
Your flesh is cold resistant. (rC+)
You are immune to negative energy. (rN+++)
You are immune to unholy pain and torment.
You can survive without breathing.
You are in touch with the powers of death.


Message History

You feel better.
You slice the bag of meat!!
You fatally mangle the bag of meat.
You kill the bag of meat!
Makhleb accepts your kill.
You hit the meat berserker.
You butcher the meat berserker messily.
You kill the meat berserker!
Makhleb accepts your kill.
You feel better.
You have reached level 25!
You feel stronger.
You are engulfed in blazing flames.
You hear a shout! x3
An eight-headed meat hydra comes into view.
You hear a shout! x3
A sculptor of flesh comes into view. It is wielding a +9 great sword.
The Servant hits you from afar with a +9 glaive of flaming!!!!
Ouch! That really hurt!
* * * LOW HITPOINT WARNING * * *
The Servant burns you!!
You die...

...... .. ..
......##. #.##
........ .....
####.....##.##..
.o..............
#.....o§§.V#.#..
#....@§○§..o.§..
#...o§@))O.....
.O#....)))......
.......)))......
......§)))......
O.....#).)V...#.
#.....#.))..V.#
z...###..)....###.
D........###......
#.......)_.......


You could see The Servant, an eight-headed meat hydra (wandering), 3 destroyers,
a sculptor of flesh (wandering), a large bag of meat (inner flame), 2 meat
berserkers and 4 bags of meat.

Vanquished Creatures
  14 ogres (D)
  A two-headed ogre (D)
  32 orcs (D)
47 creatures vanquished.

Notes
Turn   | Place    | Note
-------+----------+-------------------------------------------
     0 | D        | Found the +∞ Axe of Woe
     0 | D        | iamoutofideas the Mummy Chaos Knight began the quest for
                  | the Orb.
     0 | D        | Reached XP level 1. HP: 18/18 MP: 1/1
     2 | D        | Noticed a meat berserker
     2 | D        | Noticed a bag of meat
     4 | D        | Fell from the grace of Xom
     4 | D        | Became a worshipper of Makhleb the Destroyer
     4 | D        | Noticed a bag of meat
     6 | D        | Noticed a bag of meat
     6 | D        | Noticed a bag of meat
     7 | D        | Noticed a bag of meat
     8 | D        | Killed a meat berserker
     8 | D        | Reached skill level 10 in Armour
     8 | D        | Reached XP level 2. HP: 52/52 MP: 2/2
     8 | D        | Reached XP level 3. HP: 59/59 MP: 3/3
     8 | D        | Reached XP level 4. HP: 66/66 MP: 4/4
     8 | D        | Reached XP level 5. HP: 73/73 MP: 5/5
     8 | D        | Reached XP level 6. HP: 80/80 MP: 6/6
     8 | D        | Reached XP level 7. HP: 87/87 MP: 7/7
     8 | D        | Reached XP level 8. HP: 94/94 MP: 8/8
     8 | D        | Reached XP level 9. HP: 101/101 MP: 9/9
     8 | D        | Reached XP level 10. HP: 108/108 MP: 10/10
     8 | D        | Reached XP level 11. HP: 115/115 MP: 11/11
     8 | D        | Reached XP level 12. HP: 122/122 MP: 12/12
     8 | D        | Gained mutation: You are in touch with the powers of death.
                  | [Mummy growth]
     8 | D        | Reached XP level 13. HP: 129/129 MP: 13/13
     9 | D        | Noticed a bag of meat
     9 | D        | Noticed a meat berserker
     9 | D        | Noticed a bag of meat
    10 | D        | Killed a bag of meat
    10 | D        | Reached * piety under Makhleb
    10 | D        | Noticed a bag of meat
    11 | D        | Noticed a bag of meat
    11 | D        | Noticed a bag of meat
    11 | D        | Noticed a bag of meat
    11 | D        | Noticed a bag of meat
    11 | D        | Noticed a meat berserker
    11 | D        | Noticed a bag of meat
    11 | D        | Noticed a bag of meat
    12 | D        | Noticed a meat berserker
    12 | D        | Killed a bag of meat
    12 | D        | Reached XP level 14. HP: 139/144 MP: 14/14
    12 | D        | Noticed a bag of meat
    12 | D        | Noticed a bag of meat
    12 | D        | Noticed a meat berserker
    12 | D        | Noticed a bag of meat
    12 | D        | Noticed a meat berserker
    12 | D        | Noticed a bag of meat
    13 | D        | Killed a meat berserker
    13 | D        | Reached XP level 15. HP: 156/156 MP: 15/15
    13 | D        | Noticed a meat berserker
    14 | D        | Noticed a meat berserker
    14 | D        | Noticed a meat berserker
    15 | D        | Reached ** piety under Makhleb
    15 | D        | Reached skill level 27 in Fighting
    15 | D        | Reached skill level 5 in Dodging
    15 | D        | Reached skill level 15 in Armour
    15 | D        | Reached XP level 16. HP: 167/167 MP: 16/16
    15 | D        | Killed a meat berserker
    15 | D        | Reached *** piety under Makhleb
    15 | D        | Reached skill level 27 in Axes
    15 | D        | Reached skill level 10 in Dodging
    15 | D        | Reached XP level 17. HP: 174/174 MP: 17/17
    16 | D        | Reached **** piety under Makhleb
    16 | D        | Reached skill level 27 in Armour
    17 | D        | Reached XP level 18. HP: 182/182 MP: 18/18
    17 | D        | Killed a meat berserker
    17 | D        | Killed a meat berserker
    17 | D        | Reached XP level 19. HP: 189/189 MP: 19/19
    17 | D        | Reached ***** piety under Makhleb
    17 | D        | Reached skill level 27 in Dodging
    18 | D        | Killed a meat berserker
    18 | D        | Reached skill level 10 in Stealth
    18 | D        | Reached skill level 10 in Invocations
    18 | D        | Killed a meat berserker
    18 | D        | Reached XP level 20. HP: 197/197 MP: 19/41
    18 | D        | Reached skill level 15 in Stealth
    18 | D        | Reached skill level 15 in Invocations
    19 | D        | Reached skill level 15 in Throwing
    19 | D        | Reached skill level 15 in Unarmed Combat
    20 | D        | Noticed a destroyer
    21 | D        | Killed a meat berserker
    21 | D        | Reached ****** piety under Makhleb
    21 | D        | Reached XP level 21. HP: 204/204 MP: 19/47
    22 | D        | Noticed a large bag of meat
    23 | D        | Reached XP level 22. HP: 212/212 MP: 20/52
    23 | D        | Reached skill level 27 in Stealth
    23 | D        | Reached skill level 27 in Spellcasting
    25 | D        | Reached XP level 23. HP: 219/219 MP: 20/54
    26 | D        | Noticed a large bag of meat
    26 | D        | Noticed a destroyer
    27 | D        | Reached skill level 27 in Invocations
    27 | D        | Reached skill level 27 in Throwing
    27 | D        | Reached skill level 27 in Unarmed Combat
    29 | D        | Noticed The Servant
    29 | D        | Noticed a destroyer
    30 | D        | Reached XP level 24. HP: 227/227 MP: 22/54
    31 | D        | Noticed a destroyer
    32 | D        | Killed a large bag of meat
    32 | D        | Reached XP level 25. HP: 177/234 MP: 22/54
    32 | D        | Demolished by The Servant

Illustrated notes

Levels and vault maps discovered:
D:        meatsprint

Skill      XL: |  1  2  3  4  5  6  7  8  9 10 11 12 13 14 15 16 17 18 19 20 21 22 23 |
---------------+----------------------------------------------------------------------+-----
Fighting       | 20 23 26 27 | 27.0
Axes           | 18 21 23 26 27 | 27.0
Armour         | 10 12 13 15 22 27 | 27.0
Dodging        | 2 3 5 10 17 26 27 | 27.0
Throwing       | 13 17 20 24 27 | 27.0
Stealth        | 14 18 26 27 | 27.0
Unarmed Combat | 13 17 20 24 27 | 27.0
Spellcasting   | 17 22 26 27 | 27.0
Invocations    | 14 18 21 26 27 | 27.0

Action                   |  1- 3 |  4- 6 |  7- 9 | 10-12 | 13-15 | 16-18 | 19-21 | 22-24 | 25-27 || total
-------------------------+-------+-------+-------+-------+-------+-------+-------+-------+-------++-------
Melee: Executioner's axe |     1 |       |       |       |     4 |     2 |     4 |     6 |       ||    17
Dodge: Dodged            |       |       |       |       |       |       |     3 |     2 |       ||     5

Table legend: (Time is in decaauts)
 A = Elapsed time spent in this place.
 B = Non-inter-level travel time spent in this place.
 C = Inter-level travel time spent in this place.
 D = Time resting spent in this place.
 E = Time spent auto-exploring this place.
 F = Levels seen in this place.
 G = Mean time per level.
                   A        B        C        D        E       F      G
               +--------+--------+--------+--------+--------+-----+--------+
         Total |     28 |     28 |      0 |      0 |      0 |   1 |   28.0 |
       Dungeon |     28 |     28 |      0 |      0 |      0 |   1 |   28.0 |
               +--------+--------+--------+--------+--------+-----+--------+

Top non-repeatable levels by time:
       D: 28 daAuts
